 Dungeon Crawl Stone Soup version 0.16-a0-3758-g7fc8210 (webtiles) character file.

21882 Johnny the Fighter (level 12, -14/91 HPs)
             Began as an Octopode Fighter on Jan 22, 2015.
             Was an Elder of Trog.
             Demolished by an elephant (15 damage)
             ... on level 6 of the Lair of Beasts on Jan 23, 2015.
             The game lasted 00:39:34 (13129 turns).

Johnny the Fighter (Octopode Fighter)              Turns: 13129, Time: 00:39:35

Health: -14/91     AC:  2    Str: 16    XL:     12   Next: 94%
Magic:  12/12      EV: 19    Int: 16    God:    Trog [****..]
Gold:   802        SH: 12    Dex: 15    Spells: 1 memorised, 7 levels left

rFire  . . .     SeeInvis .     H - +2 short sword (drain)
rCold  + . .     Clarity  .     c - +0 shield
rNeg   + . .     SustAb   .     l - +1 hat {Int+3}
rPois  .         Gourm    .     G - amulet of regeneration
rElec  .         Spirit   .     Q - ring of protection from cold
rCorr  .         Warding  .     i - ring of wizardry
rMut   .         Stasis   .     k - +2 ring of intelligence
MR     ++...                    J - ring of positive energy
Stlth  ++++......               (no ring)
                                (no ring)
                                (no ring)
                                (no ring)

@: exhausted, regenerating, slowed, very slow, very resistant to hostile
enchantments, stealthy
A: almost no armour, amphibious, 8 rings, constrict 8, camouflage 1, gelatinous
body 1
a: Burn Spellbooks, Berserk, Trog's Hand, Brothers in Arms, Renounce Religion


You were on level 6 of the Lair of Beasts.
You worshipped Trog.
Trog was greatly pleased with you.
You were very hungry.

You visited 3 branches of the dungeon, and saw 15 of its levels.

You collected 802 gold pieces.

Inventory:

Hand weapons
 u - a +0 long sword of holy wrath
 z - a +1 short sword of freezing
 H - a +2 short sword of draining (weapon)
Armour
 c - a +0 shield (worn)
 l - a +1 hat of intelligence (worn)
Jewellery
 i - a ring of wizardry (right tentacle)
 k - a +2 ring of intelligence (on tentacle)
 w - an uncursed amulet of faith
 E - an uncursed ring of teleportation
 G - an amulet of regeneration (around mantle)
 J - a ring of positive energy (on tentacle)
 Q - a ring of protection from cold (left tentacle)
 V - a cursed amulet of inaccuracy {unknown}
 X - an uncursed ring of ice
Magical devices
 e - a wand of random effects (27)
 t - a wand of invisibility (0)
 x - a wand of digging (10)
 C - a wand of slowing (0)
 D - a wand of paralysis (5)
 I - a wand of slowing (11)
 M - a wand of draining (0)
 N - a wand of teleportation (3)
 R - a wand of polymorph (7)
Scrolls
 f - 4 scrolls of remove curse
 g - 3 scrolls of enchant weapon
 n - 3 scrolls of fog
 o - 7 scrolls of teleportation
 r - 5 scrolls of enchant armour
 y - 2 scrolls of magic mapping
 A - 4 scrolls of noise
 F - 2 scrolls of immolation {unknown}
 O - 2 scrolls of blinking
 P - 3 scrolls of recharging {unknown}
 U - 2 scrolls of silence {unknown}
 Y - 2 scrolls of amnesia {unknown}
Potions
 a - a potion of brilliance {unknown}
 b - 2 potions of curing
 p - 2 potions of ambrosia {unknown}
 K - 2 potions of lignification
 L - 4 potions of restore abilities {unknown}
 S - a potion of might
 T - a potion of poison {unknown}
 Z - a potion of haste
Books
 B - a book of Beasts

   Spells                             Type                      Level
   a - Summon Butterflies             Summoning                    1
   b - Call Canine Familiar           Summoning                    3
   c - Summon Ice Beast               Ice/Summoning                4
   d - Summon Mana Viper              Hexes/Summoning              5
   e - Monstrous Menagerie            Summoning                    6
   f - Summon Hydra                   Summoning                    7
   Trog disapproves of the use of such an item.
Miscellaneous
 h - a crystal ball of energy
Comestibles
 d - 6 bread rations
 j - a beef jerky
 m - 5 chunks of flesh
 s - 5 meat rations
 v - 12 fruits
 W - 9 slices of pizza


   Skills:
 * Level 12.2 Fighting
 + Level 4.2 Long Blades
 * Level 12.2 Dodging
 + Level 4.2 Stealth
 * Level 12.0 Shields


You had 7 spell levels left.
You knew the following spells:

 Your Spells              Type           Power        Failure   Level  Hunger
a - Alistair's Intoxicat  Trmt/Pois      #.......     96%         4    #####..


Dungeon Overview and Level Annotations

Branches:
Dungeon (8/15)             Temple (1/1) D:7            Lair (6/8) D:8
  Swamp (0/5) Lair:5        Snake (0/5) Lair:5
  Slime: Lair:6-8

Altars:
Ashenzari
Cheibriados
Dithmenos
Fedhas
Gozag
Kikubaaqudgha
Makhleb
Nemelex Xobeh
Okawaru
Qazlal
Ru
Sif Muna
Trog
Vehumet
Xom
Yredelemnul
Zin
The Shining One


Innate Abilities, Weirdness & Mutations

You cannot wear most types of armour.
You are amphibious.
You can wear up to eight rings at the same time.
You can use your tentacles to constrict many enemies at once.
Your skin changes colour to match your surroundings (Stealth).
Your rubbery body absorbs attacks (AC +1).


Message History

You stumble backwards!
The elephant tramples you!
* * * LOW HITPOINT WARNING * * *
You stumble backwards!
Evoke which item? (* to show all) (? for menu, Esc to quit)
Okay, then.
Drink which item? (? for menu, Esc to quit)
Okay, then.
Drink which item? (? for menu, Esc to quit)
You feel better. The elephant barely misses you. The elephant misses you.
Drink which item? (? for menu, Esc to quit)
Okay, then.
Evoke which item? (* to show all) (? for menu, Esc to quit)
Zapping:
C - a wand of slowing {zapped: 24} (will waste charges)
Press: ? - help, Shift-Dir - straight line, f - elephant
Aim: an elephant (chance 19%) Nothing appears to happen.
The elephant tramples you!!
* * * LOW HITPOINT WARNING * * *
You stumble backwards!
The elephant tramples you!
You die...

#.#.######.#....##.# #..##
#.#..#..#...## ..P#
P.............##### ## P.##
..#P......#......#..#. ..##
#.###.......#.......P.. ...#
. #...#P.....#.......
#..##..................[....
.........<...PP..P.......>.#
.............P..@..#......##
#....###..#.##..YP.........
#P...# ###.............
.....#.# ##.#.#....#....##
...#......#.#†..#.........
...............##..#...P..
...........P###.#..#..P...
.... .#...P........###...
.... .......#%.....P# ..


You could see an elephant.

Vanquished Creatures
  4 hydras
  Fannar (Lair:5)
  A faun (Lair:5)
  2 elephants (Lair:6)
  A black mamba (Lair:3)
  6 komodo dragons
  8 spiny frogs
  4 giant leeches (Lair:5)
  A fire drake (Lair:1)
  12 blink frogs
  4 basilisks
  A wyvern (D:8)
  7 hippogriffs
  Eustachio (D:4)
  9 yaks
  A deep elf fighter (D:8)
  A steam dragon (Lair:6)
  3 nagas (Lair:5)
  2 swamp worms (Lair:5)
  8 water moccasins
  8 porcupines
  2 orc warriors
  A black bear (D:5)
  2 ice beasts
  3 phantoms
  3 ogres
  A centaur (D:6)
  A boring beetle (Lair:3)
  7 crocodiles
  Sigmund (D:2)
  Duvessa (D:5)
  9 giant frogs
  Blork the orc (D:6)
  3 scorpions
  A water moccasin skeleton (D:6)
  2 wights (D:6)
  An electric eel (Lair:2)
  2 crimson imps (D:6)
  3 giant frog zombies
  Dowan (D:5)
  6 hounds
  A quasit (D:4)
  Crazy Yiuf (D:2)
  A centaur zombie (D:7)
  2 centaur skeletons (D:5)
  A giant frog skeleton (D:8)
  5 orc priests
  9 orc wizards
  5 iguanas
  4 worker ants
  7 sheep (Lair:3)
  Ijyb (D:4)
  Jessica (D:2)
  A hound zombie (D:5)
  A worker ant zombie (D:5)
  9 gnolls
  8 adders
  38 river rats
  A giant mite (D:3)
  3 worms (D:2)
  An adder zombie (D:5)
  An adder skeleton (D:6)
  4 giant geckos
  36 orcs
  14 hobgoblins
  12 jackals
  13 quokkas
  27 bats
  2 giant cockroaches (D:6)
  4 giant newts
  14 goblins
  15 kobolds
  26 rats
  A fungus (Lair:2)
405 creatures vanquished.

Vanquished Creatures (others)
  2 fungi
2 creatures vanquished.

Grand Total: 407 creatures vanquished

Notes
Turn   | Place    | Note
--------------------------------------------------------------
     0 | D:1      | Johnny, the Octopode Fighter, began the quest for the Orb.
     0 | D:1      | Reached XP level 1. HP: 16/16 MP: 1/1
    98 | D:1      | Reached XP level 2. HP: 18/21 MP: 2/2
   155 | D:1      | HP: 1/21 [hobgoblin (1)]
   754 | D:2      | Found a sparkling altar of Nemelex Xobeh.
   772 | D:2      | Reached XP level 3. HP: 22/26 MP: 3/3
   826 | D:2      | Noticed Jessica
   831 | D:2      | Killed Jessica
   860 | D:2      | Noticed Sigmund
   866 | D:2      | Killed Sigmund
   866 | D:2      | Reached skill level 4 in Fighting
   866 | D:2      | Reached XP level 4. HP: 20/33 MP: 4/4
   866 | D:2      | Reached XP level 5. HP: 22/37 MP: 5/5
  1198 | D:2      | Noticed Crazy Yiuf
  1336 | D:2      | Killed Crazy Yiuf
  2192 | D:3      | Found a snail-covered altar of Cheibriados.
  2367 | D:3      | Reached XP level 6. HP: 44/44 MP: 6/6
  2411 | D:3      | Found a stormy altar of Qazlal.
  2412 | D:3      | Found an iron altar of Okawaru.
  2534 | D:4      | Noticed Eustachio
  2589 | D:4      | Killed Eustachio
  2589 | D:4      | Reached skill level 5 in Fighting
  2589 | D:4      | Reached XP level 7. HP: 27/50 MP: 7/7
  2706 | D:4      | Reached skill level 5 in Shields
  2707 | D:4      | Reached skill level 5 in Dodging
  2945 | D:4      | Noticed Ijyb
  2953 | D:4      | Killed Ijyb
  3123 | D:4      | Found a deep blue altar of Sif Muna.
  3253 | D:5      | Entered Level 5 of the Dungeon
  3401 | D:5      | Noticed Dowan
  3409 | D:5      | Killed Dowan
  3556 | D:5      | Reached XP level 8. HP: 39/57 MP: 8/8
  3664 | D:5      | Reached skill level 6 in Fighting
  3940 | D:5      | Noticed Duvessa
  3951 | D:5      | Killed Duvessa
  4222 | D:6      | Reached skill level 7 in Fighting
  4437 | D:6      | Reached XP level 9. HP: 59/64 MP: 9/9
  4777 | D:6      | Noticed Blork the orc
  4784 | D:6      | Killed Blork the orc
  5387 | D:7      | Reached skill level 8 in Fighting
  5749 | D:7      | Found a staircase to the Ecumenical Temple.
  5792 | D:7      | Learned a level 4 spell: Alistair's Intoxication
  5794 | Temple   | Entered the Ecumenical Temple
  5857 | Temple   | Became a worshipper of Trog the Wrathful
  6060 | D:8      | Found a basalt altar of Yredelemnul.
  6132 | D:8      | Acquired Trog's first power
  6174 | D:8      | Reached XP level 10. HP: 73/73 MP: 10/10
  6236 | D:8      | Found a radiant altar of Vehumet.
  6671 | D:8      | Found a staircase to the Lair.
  6684 | Lair:1   | Entered Level 1 of the Lair of Beasts
  6733 | Lair:1   | Reached skill level 9 in Dodging
  6769 | Lair:1   | Acquired Trog's second power
  7643 | Lair:1   | Reached skill level 10 in Fighting
  7643 | Lair:1   | Reached XP level 11. HP: 73/81 MP: 11/11
  7875 | Lair:2   | Reached skill level 10 in Dodging
  8336 | Lair:2   | Reached skill level 10 in Shields
  9130 | Lair:3   | Noticed a six-headed hydra
  9187 | Lair:3   | Killed a six-headed hydra
  9354 | Lair:3   | Noticed a five-headed hydra
  9374 | Lair:3   | Killed a five-headed hydra
  9374 | Lair:3   | Reached skill level 11 in Dodging
 10216 | Lair:3   | Acquired Trog's third power
 10556 | Lair:4   | Reached XP level 12. HP: 48/90 MP: 12/12
 11411 | Lair:5   | Found a staircase to the Snake Pit.
 11517 | Lair:5   | Reached skill level 1 in Stealth
 11616 | Lair:5   | Noticed Fannar
 11647 | Lair:5   | Killed Fannar
 11832 | Lair:5   | Noticed a seven-headed hydra
 11905 | Lair:5   | Killed a seven-headed hydra
 12148 | Lair:5   | Found a staircase to the Swamp.
 12334 | Lair:5   | Reached skill level 12 in Dodging
 12343 | Lair:5   | Upgraded the game from 0.16-a0-3736-g4b94454 to 0.16-a0-3758-g7fc8210
 12691 | Lair:5   | Noticed a six-headed hydra
 12711 | Lair:5   | Killed a six-headed hydra
 13129 | Lair:6   | HP: 1/91 [elephant (19)]
 13129 | Lair:6   | Demolished by an elephant

Action                   |  1- 3 |  4- 6 |  7- 9 | 10-12 || total
-------------------------+-------+-------+-------+-------++-------
Melee: Long sword        |    41 |     5 |       |       ||    46
       Hammer            |       |    94 |    36 |       ||   130
       Dagger            |       |       |   114 |       ||   114
       Short sword       |       |       |   307 |   842 ||  1149
Invok: Trog's Hand       |       |       |       |     9 ||     9
       Berserk           |       |       |       |    10 ||    10
Evoke: Wand              |       |       |       |    18 ||    18
  Use: Potion            |       |     7 |     4 |     2 ||    13
       Scroll            |       |     4 |     6 |     6 ||    16
 Stab: Sleeping          |     3 |     1 |     6 |    14 ||    24
       Distracted        |       |       |     1 |     1 ||     2
       Invisible         |       |       |       |     4 ||     4
  Eat: Chunk             |       |     4 |    16 |    27 ||    47
       Fruit             |       |     1 |     2 |     6 ||     9
       Beef jerky        |       |       |       |     4 ||     4
       Royal jelly       |       |       |       |     2 ||     2
